 Dungeon Crawl Stone Soup version 0.20.1-1-g8b1a95d (webtiles) character file.

41 Puckle the Scratcher (level 3, 0/15 HPs)
             Began as a Felid Transmuter on Jan 24, 2019.
             Slain by a worm (11 damage)
             ... on level 2 of the Dungeon.
             The game lasted 00:02:17 (938 turns).

Puckle the Scratcher (Felid Transmuter)              Turns: 938, Time: 00:02:18

Health: 0/15       AC:  1    Str:  6    XL:     3   Next: 32%
Magic:  7/8        EV: 18    Int: 15    God:
Gold:   52         SH:  0    Dex: 16    Spells: 1/7 levels left
                                        Lives:  0   Deaths: 0

rFire    . . .     SeeInvis +     - Unarmed
rCold    . . .     Gourm    .   (shield unavailable)
rNeg     . . .     Faith    .   (armour unavailable)
rPois    .         Spirit   .   (helmet unavailable)
rElec    .         Reflect  .   (cloak unavailable)
rCorr    .         Harm     .   (gloves unavailable)
MR       .....                  (boots unavailable)
Stlth    ++........             (no amulet)
Regen    0.1/turn               (no ring)
MPRegen  0.2/turn               (no ring)

@: quick
A: no armour, no weapons or thrown items, stealth, claws 1, fangs 3, see
invisible, carnivore 3, speed 1, shaggy fur 1, slow metabolism 1, sharp paws
a: no special abilities


You were on level 2 of the Dungeon.
You were completely stuffed.

You visited 1 branch of the dungeon, and saw 2 of its levels.

You collected 52 gold pieces.

Inventory:

Missiles
 a - 67 arrows
Jewellery
 g - an uncursed ring of ice
Scrolls
 d - 3 scrolls of remove curse {unknown}
 e - a scroll of identify {unknown}
 h - a scroll of blinking {unknown}
 i - 2 scrolls of fear {unknown}
Potions
 j - a potion of ambrosia {unknown}
 k - a potion of curing {unknown}
Books
 b - a book of Changes

   Spells                             Type                      Level
   a - Beastly Appendage              Transmutation                1
   b - Sticks to Snakes               Transmutation                2
   c - Spider Form                    Transmutation/Poison         3
   d - Ice Form                       Ice/Transmutation            4
   e - Blade Hands                    Transmutation                5
Comestibles
 c - 2 meat rations
 f - 3 chunks of flesh


   Skills:
 + Level 1.0 Fighting
 + Level 3.1 Dodging
 + Level 3.5 Unarmed Combat
 + Level 2.6 Spellcasting
 + Level 2.5 Transmutations


You had one spell level left.
You knew the following spells:

 Your Spells              Type           Power        Failure   Level  Hunger
a - Beastly Appendage     Tmut           #.....       8%          1    #......
b - Sticks to Snakes      Tmut           #.......     11%         2    ##.....
c - Spider Form           Tmut/Pois      #.........   36%         3    ###....


Dungeon Overview and Level Annotations

Branches:
Dungeon (2/15)

Altars:


Innate Abilities, Weirdness & Mutations

You cannot wear armour.
You are incapable of wielding weapons or throwing items.
Your paws allow you to move quietly. (Stealth)
You have sharp claws.
You have razor-sharp teeth.
You have supernaturally acute eyesight. (SInv)
You are carnivorous and can eat meat at any time.
You cover ground quickly.
You are covered in fur. (AC +1)
You have a slow metabolism.
Your sharp claws are effective at attacking unaware monsters.


Message History

The worm is moderately wounded.
You scratch the worm.
The worm is severely wounded.
Your horns disappear.
The worm bites you.
You scratch the worm but do no damage.
The worm is heavily wounded.
You scratch the worm.
The worm is severely wounded.
The worm barely misses you.
You barely miss the worm.
The worm is severely wounded.
The worm closely misses you.
You scratch the worm but do no damage. Your bite misses the worm.
The worm is heavily wounded.
You scratch the worm but do no damage.
The worm is heavily wounded.
The worm bites you!
Ouch! That really hurt!
You die...

######......# ######.#
#.# #.####### #######
#..##...# ##......##
##....### #........##
###....##
..........####.รท.####
...........w@..###
...........#####
..........##
........?.#
#...#.#.w## #........#
.?..#.#..(#
............
..........###


You could see a worm.

Vanquished Creatures
  An adder (D:2)
  An ooze (D:1)
  2 dart slugs (D:1)
  2 leopard geckos (D:1)
  2 giant cockroaches (D:1)
  5 goblins
  2 kobolds
  3 bats
  3 frilled lizards (D:1)
  2 rats (D:2)
23 creatures vanquished.

Vanquished Creatures (collateral kills)
  A frilled lizard (D:2)
1 creature vanquished.

Grand Total: 24 creatures vanquished

Notes
Turn   | Place    | Note
-------+----------+-------------------------------------------
     0 | D:1      | Puckle the Felid Transmuter began the quest for the Orb.
     0 | D:1      | Reached XP level 1. HP: 9/9 MP: 4/4
   200 | D:1      | Reached XP level 2. HP: 12/12 MP: 4/6
   205 | D:1      | Learned a level 2 spell: Sticks to Snakes
   771 | D:2      | Reached XP level 3. HP: 15/15 MP: 5/7
   853 | D:2      | Learned a level 3 spell: Spider Form
   938 | D:2      | Slain by a worm

Skill      XL: |  1 |
---------------+----+-----
Dodging        | 3 |  3.1
Fighting       | |  1.0
Unarmed Combat | |  3.5
Spellcasting   | |  2.6
Transmutations | |  2.5

Action                   || total
-------------------------++-------
Melee: Unarmed           ||    61
       Headbutt          ||     7
 Cast: Beastly Appendage ||    11
       Sticks to Snakes  ||     1
 Stab: Sleeping          ||     2
  Eat: Chunk             ||     8
Armor: Skin              ||     3
Dodge: Dodged            ||    68
